[ PARTIDA AOE2 · #483381573 ]
Team RMWu vs Persians
[ ANÁLISIS DE REPETICIÓN · EXTRAÍDO DE LA PARTIDA GRABADA ]
Feudal
—
Castillos
—
Imperial
—
| APM promedio | 19.4 |
| APM pico | 34 |
| eAPM promedio | 11.5 |
| Aldeanos / militares | 15 / 0 |
Foco
⚔️ 3.0% · 🌾 97.0%
Feudal
—
Castillos
—
Imperial
—
| APM promedio | 44.0 |
| APM pico | 70 |
| eAPM promedio | 10.6 |
| Aldeanos / militares | 9 / 0 |
Foco
⚔️ 11.1% · 🌾 88.9%
Feudal
—
Castillos
—
Imperial
—
| APM promedio | 37.3 |
| APM pico | 43 |
| eAPM promedio | 13.3 |
| Aldeanos / militares | 9 / 0 |
Foco
⚔️ 9.7% · 🌾 90.3%
Feudal
—
Castillos
—
Imperial
—
| APM promedio | 57.9 |
| APM pico | 63 |
| eAPM promedio | 12.4 |
| Aldeanos / militares | 17 / 0 |
Foco
⚔️ 0.0% · 🌾 100.0%
Feudal
—
Castillos
—
Imperial
—
| APM promedio | 74.6 |
| APM pico | 88 |
| eAPM promedio | 23.6 |
| Aldeanos / militares | 9 / 0 |
Foco
⚔️ 1.4% · 🌾 98.6%
Feudal
—
Castillos
—
Imperial
—
| APM promedio | 67.0 |
| APM pico | 76 |
| eAPM promedio | 18.8 |
| Aldeanos / militares | 12 / 0 |
Foco
⚔️ 21.7% · 🌾 78.3%
Feudal
—
Castillos
—
Imperial
—
| APM promedio | 40.0 |
| APM pico | 43 |
| eAPM promedio | 9.7 |
| Aldeanos / militares | 16 / 0 |
Foco
⚔️ 0.0% · 🌾 100.0%
Feudal
—
Castillos
—
Imperial
—
| APM promedio | 39.4 |
| APM pico | 47 |
| eAPM promedio | 10.6 |
| Aldeanos / militares | 18 / 0 |
Foco
⚔️ 0.0% · 🌾 100.0%
Mapa de la partida
Recursos iniciales + cada clic de construcción. Líneas = muros · curvas = relieve. ◆ oro · ⬟ piedra · ● bayas · ✦ reliquia · ◌ hueco del cierre
Tu base
Base de ztrox.
Base de 苏醒吧猎杀时刻
Base de MuhafıZ
Base de HAHA
Base de Curupira
Base de 洛阳一根棍
Base de Hsaheyhd
Terreno inicial suavizado · ◌ = hueco del cierre detectado · pasá el cursor para detalles
Inputs por minuto
— Kingssiu - - ztrox.
Build order — Kingssiu
19 acciones detectadas en el replay
| 0:02 | Investigar | Loom |
| 0:02 | Crear | Villager (Male) |
| 0:03 | Crear | Villager (Male) |
| 0:03 | Crear | Villager (Male) |
| 0:03 | Crear | Villager (Male) |
| 0:04 | Crear | Villager (Male) |
| 0:06 | Construir | House |
| 0:07 | Construir | House |
| 1:38 | Crear | Villager (Male) |
| 1:38 | Crear | Villager (Male) |
| 1:38 | Crear | Villager (Male) |
| 2:19 | Construir | Lumber Camp |
| 2:23 | Crear | Villager (Male) |
| 2:23 | Crear | Villager (Male) |
| 2:24 | Crear | Villager (Male) |
| 2:27 | Crear | Villager (Male) |
| 3:01 | Crear | Villager (Male) |
| 3:02 | Crear | Villager (Male) |
| 3:02 | Crear | Villager (Male) |
Build order — ztrox.
12 acciones detectadas en el replay
| 0:01 | Crear | Villager (Male) |
| 0:02 | Crear | Villager (Male) |
| 0:02 | Crear | Villager (Male) |
| 0:04 | Construir | House |
| 0:05 | Construir | House |
| 0:16 | Crear | Villager (Male) |
| 0:16 | Crear | Villager (Male) |
| 1:28 | Crear | Villager (Male) |
| 1:29 | Crear | Villager (Male) |
| 1:57 | Construir | Lumber Camp |
| 2:00 | Crear | Villager (Male) |
| 2:00 | Crear | Villager (Male) |
Build order — 苏醒吧猎杀时刻
14 acciones detectadas en el replay
| 0:01 | Crear | Villager (Male) |
| 0:04 | Construir | House |
| 0:07 | Construir | House |
| 0:10 | Construir | House |
| 0:10 | Construir | House |
| 0:12 | Crear | Villager (Male) |
| 0:13 | Crear | Villager (Male) |
| 0:22 | Crear | Villager (Male) |
| 1:07 | Construir | Lumber Camp |
| 1:30 | Crear | Villager (Male) |
| 2:09 | Crear | Villager (Male) |
| 2:26 | Crear | Villager (Male) |
| 2:42 | Crear | Villager (Male) |
| 3:13 | Crear | Villager (Male) |
Build order — MuhafıZ
15 acciones detectadas en el replay
| 0:02 | Crear | Villager (Male) ×4 |
| 0:02 | Crear | Villager (Male) ×4 |
| 0:10 | Construir | House |
| 0:10 | Construir | House |
| 1:14 | Construir | Mill |
| 1:33 | Crear | Villager (Male) |
| 1:33 | Crear | Villager (Male) |
| 1:33 | Crear | Villager (Male) |
| 1:39 | Construir | House |
| 2:18 | Crear | Villager (Male) |
| 2:18 | Crear | Villager (Male) |
| 2:19 | Crear | Villager (Male) |
| 2:37 | Crear | Villager (Male) |
| 2:37 | Crear | Villager (Male) |
| 2:38 | Crear | Villager (Male) |
Build order — HAHA
15 acciones detectadas en el replay
| 0:01 | Crear | Villager (Male) |
| 0:02 | Crear | Villager (Male) |
| 0:02 | Crear | Villager (Male) |
| 0:02 | Crear | Villager (Male) |
| 0:04 | Construir | House |
| 0:32 | Construir | House |
| 0:33 | Construir | House |
| 1:02 | Construir | Lumber Camp |
| 1:25 | Crear | Villager (Male) |
| 2:00 | Investigar | Loom |
| 2:00 | Investigar | Loom |
| 2:21 | Crear | Villager (Male) |
| 2:22 | Crear | Villager (Male) |
| 2:53 | Crear | Villager (Male) |
| 2:53 | Crear | Villager (Male) |
Build order — Curupira
14 acciones detectadas en el replay
| 0:15 | Investigar | Loom |
| 0:44 | Crear | Villager (Male) |
| 0:45 | Crear | Villager (Male) |
| 1:11 | Crear | Villager (Male) |
| 1:12 | Crear | Villager (Male) |
| 1:45 | Crear | Villager (Male) |
| 1:45 | Crear | Villager (Male) |
| 1:47 | Construir | Lumber Camp |
| 2:10 | Crear | Villager (Male) |
| 2:10 | Crear | Villager (Male) |
| 2:31 | Crear | Villager (Male) |
| 2:31 | Crear | Villager (Male) |
| 2:54 | Crear | Villager (Male) |
| 2:54 | Crear | Villager (Male) |
Build order — 洛阳一根棍
20 acciones detectadas en el replay
| 0:01 | Crear | Villager (Male) |
| 0:02 | Crear | Villager (Male) |
| 0:02 | Crear | Villager (Male) |
| 0:03 | Construir | House |
| 0:03 | Construir | House |
| 0:09 | Construir | House |
| 0:31 | Crear | Villager (Male) |
| 0:31 | Crear | Villager (Male) |
| 1:48 | Construir | Lumber Camp |
| 1:53 | Crear | Villager (Male) |
| 1:53 | Crear | Villager (Male) |
| 1:57 | Crear | Villager (Male) |
| 1:57 | Crear | Villager (Male) |
| 1:58 | Crear | Villager (Male) |
| 2:12 | Crear | Villager (Male) |
| 2:12 | Crear | Villager (Male) |
| 2:52 | Crear | Villager (Male) |
| 2:52 | Crear | Villager (Male) |
| 3:10 | Crear | Villager (Male) |
| 3:10 | Crear | Villager (Male) |
Build order — Hsaheyhd
16 acciones detectadas en el replay
| 0:03 | Crear | Villager (Male) ×5 |
| 0:03 | Crear | Villager (Male) ×5 |
| 0:08 | Construir | House |
| 0:11 | Construir | House |
| 0:59 | Investigar | Loom |
| 1:00 | Investigar | Loom |
| 1:35 | Crear | Villager (Male) |
| 1:35 | Crear | Villager (Male) |
| 2:19 | Crear | Villager (Male) |
| 2:19 | Crear | Villager (Male) |
| 2:53 | Construir | House |
| 2:54 | Crear | Villager (Male) |
| 2:55 | Crear | Villager (Male) |
| 3:03 | Construir | Lumber Camp |
| 3:06 | Crear | Villager (Male) |
| 3:06 | Crear | Villager (Male) |
Cronología de la partida
| 3:02 | ztrox. · resign |
[ ANÁLISIS IA · 1 CRÉDITO ]
¿Qué pasó realmente en esta partida?
Wolo.gg analiza cada decisión: build order, eco, micro, errores típicos por bracket. Análisis personalizado por WhatsApp o Discord en 30 segundos.
Guía civ
Wu
Guía mapa
Arena
Perfil
Jugador #22975005